 Dungeon Crawl Stone Soup version 0.20-a0-539-g174d061 (webtiles) character file.

17675 Eptagon the Fighter (level 12, -6/113 HPs)
             Began as a Minotaur Berserker on Jan 29, 2017.
             Was a High Priest of Trog.
             Mangled by a freezing wraith (7 damage)
             ... led by a death knight
             ... on level 11 of the Dungeon.
             The game lasted 00:16:02 (8999 turns).

Eptagon the Fighter (Minotaur Berserker)            Turns: 8999, Time: 00:16:03

Health: -6/113     AC: 18    Str: 28    XL:     12   Next: 21%
Magic:  11/11      EV: 14    Int:  4    God:    Trog [*****.]
Gold:   942        SH:  0    Dex:  9    Spells: 11/11 levels left

rFire    + . .     SeeInvis .   a - +3 battleaxe
rCold    . . .     Gourm    .   K - +2 chain mail {rF+}
rNeg     . . .     Faith    .   (shield currently unavailable)
rPois    .         Spirit   .   H - +1 hat
rElec    .         Reflect  .   y - +0 cloak
rCorr    .         Harm     .   (no gloves)
MR       ++...                  r - +0 pair of boots
Stlth    ..........             (no amulet)
Regen    1.3/turn               (no ring)
                                (no ring)

@: regenerating, slowed, very slow
A: retaliatory headbutt, horns 2
a: Berserk, Trog's Hand, Brothers in Arms, Burn Spellbooks, Renounce Religion


You were on level 11 of the Dungeon.
You worshipped Trog.
Trog was extremely pleased with you.
You were hungry.

You visited 1 branch of the dungeon, and saw 11 of its levels.
You also visited: Sewer.

You collected 942 gold pieces.

Inventory:

Hand Weapons
 a - a +3 battleaxe (weapon)
Armour
 r - a +0 pair of boots (worn)
 y - a +0 cloak (worn)
 H - a +1 hat (worn)
 K - a +2 chain mail of fire resistance (worn)
Wands
 j - a wand of random effects (16/48)
 D - a wand of lightning (11/15)
 G - a wand of lightning (7/15)
Scrolls
 f - 2 scrolls of recharging
 k - 10 scrolls of identify {unknown}
 n - 4 scrolls of remove curse
 o - 4 scrolls of fog {unknown}
 p - 4 scrolls of magic mapping {unknown}
 q - 3 scrolls of amnesia {unknown}
 s - 11 scrolls of teleportation
 v - a scroll of noise {unknown}
 B - 2 scrolls of enchant weapon {unknown}
 I - a scroll of immolation {unknown}
Potions
 b - 3 potions of might {unknown}
 e - 3 potions of flight {unknown}
 g - 2 potions of mutation {unknown}
 h - a potion of lignification {unknown}
 i - 3 potions of curing
 l - a potion of agility {unknown}
 t - a potion of magic {unknown}
 u - 2 potions of degeneration {unknown}
 x - a potion of invisibility {unknown}
 z - 3 potions of heal wounds {unknown}
 A - 4 potions of haste {unknown}
 E - a potion of brilliance {unknown}
Books
 F - a book of Misfortune (quivered)

   Spells                             Type                      Level
   a - Confusing Touch                Hexes                        1
   b - Confuse                        Hexes                        3
   c - Gell's Gravitas                Hexes/Translocation          3
   d - Petrify                        Transmutation/Earth          4
   e - Metabolic Englaciation         Hexes/Ice                    5
   f - Yara's Violent Unravelling     Hexes/Transmutation          5
   Trog disapproves of the use of such an item.
Comestibles
 c - 5 bread rations
 d - 5 meat rations
 m - 7 royal jellies
 w - 20 fruits


   Skills:
 + Level 12.4 Fighting
 + Level 12.3 Axes
 + Level 11.9 Armour
 + Level 11.4 Dodging


You had 11 spell levels left.
You didn't know any spells.

Dungeon Overview and Level Annotations

Branches:
Dungeon (11/15)            Temple (0/1) D:5
   Lair: D:8-11         Orc: D:9-12

Altars:
Cheibriados
Okawaru
Vehumet
Xom
Zin
Beogh


Innate Abilities, Weirdness & Mutations

You reflexively headbutt those who attack you in melee.
You have a pair of horns on your head.


Message History

The freezing wraith hits you! The freezing wraith freezes you!
* * * LOW HITPOINT WARNING * * *
The freezing wraith hits you.
* * * LOW HITPOINT WARNING * * *
The freezing wraith drains your vigour!
You feel as though you will be slow longer.
Okay, then.
Okay, then.
Your skin crawls.
You feel resistant to hostile enchantments.
You are feeling hungry.
The freezing wraith hits you but does no damage. x2
The skeletal warrior hits you from afar with a glaive!
* * * LOW HITPOINT WARNING * * *
The freezing wraith barely misses you. The freezing wraith hits you.
* * * LOW HITPOINT WARNING * * *
The freezing wraith closely misses you. You furiously retaliate!
You headbutt the freezing wraith, but do no damage.
The freezing wraith hits you!
You die...

......#######............
..^...# #............
......# #............
......# #.........###
......# #.........#
......# #.........#
......#######.........#
......................#
................@W....#
......<...###+###W....#
..........# #z....#
..........# #.....+
(.........# #.....#
..........+ #.......
..........# #.........
........... ..........
....>.###..# ##########


You could see a skeletal warrior and 2 freezing wraiths.

Vanquished Creatures
  A hydra (D:10)
  The ghost of sadgrasan the Carver, a journeyman FoFi of the Shining One (D:9)
  3 two-headed ogres
  Pikel (D:6)
  2 cyclopes (D:9)
  An ugly thing (D:9)
  Joseph (D:7)
  Psyche (D:9)
  A hornet (D:10)
  2 trolls (D:9)
  2 dream sheep (D:10)
  3 hippogriffs
  Sigmund (D:6)
  31 yaks
  Grum (D:9)
  2 hungry ghosts
  The ghost of Vesto the Skirmisher, an amateur DsFi (D:5)
  Menkaure (D:6)
  Duvessa (D:7)
  3 water moccasins
  8 orc warriors
  2 ice beasts
  4 sky beasts
  A black bear (D:7)
  A slave (D:6)
  4 wolves (D:9)
  A necrophage (D:7)
  2 phantoms
  The ghost of Vesto the Skirmisher, an amateur DsFi (Sewer)
  5 ogres
  3 centaurs
  2 big kobolds (D:10)
  6 bullfrogs
  3 scorpions
  Dowan (D:7)
  4 wights
  5 howler monkeys
  6 crimson imps
  A centaur zombie (D:5)
  4 orc priests
  6 hounds
  9 orc wizards
  2 iguanas (D:9)
  4 worker ants
  A hound zombie (D:7)
  A hound skeleton (D:6)
  A howler monkey zombie (D:5)
  3 gnolls (D:3)
  A howler monkey skeleton (D:5)
  12 adders
  2 shadow imps
  An adder skeleton (D:8)
  5 worms
  10 dart slugs
  6 leopard geckos
  39 orcs
  3 ball pythons
  7 giant cockroaches
  18 goblins
  8 hobgoblins
  7 jackals
  6 quokkas
  5 bats
  4 frilled lizards
  13 kobolds
  A quokka zombie (D:7)
  5 rats
304 creatures vanquished.

Vanquished Creatures (collateral kills)
  A big kobold (D:10)
1 creature vanquished.

Grand Total: 305 creatures vanquished

Notes
Turn   | Place    | Note
-------+----------+-------------------------------------------
     0 | D:1      | Eptagon the Minotaur Berserker began the quest for the Orb.
     0 | D:1      | Reached XP level 1. HP: 19/19 MP: 0/0
   192 | D:1      | Reached XP level 2. HP: 25/27 MP: 1/1
   838 | D:2      | Reached XP level 3. HP: 33/33 MP: 2/2
   883 | D:2      | Found an iron altar of Okawaru.
   886 | D:2      | Found a shimmering altar of Xom.
   889 | D:2      | Found a glowing silver altar of Zin.
  1065 | D:2      | Reached ** piety under Trog
  1280 | D:3      | Reached XP level 4. HP: 40/40 MP: 3/3
  1654 | D:3      | Reached XP level 5. HP: 47/47 MP: 4/4
  2236 | D:4      | Reached *** piety under Trog
  2266 | D:4      | Found a glowing drain.
  2281 | Sewer    | Entered a sewer
  2289 | Sewer    | Reached skill level 5 in Axes
  2335 | Sewer    | Noticed Vesto's ghost (amateur DsFi)
  2344 | Sewer    | Killed Vesto's ghost
  2344 | Sewer    | Reached skill level 5 in Fighting
  2344 | Sewer    | Reached XP level 6. HP: 56/56 MP: 5/5
  3017 | D:4      | Reached skill level 5 in Armour
  3284 | D:5      | Entered Level 5 of the Dungeon
  3304 | D:5      | Noticed Vesto's ghost (amateur DsFi)
  3311 | D:5      | Killed Vesto's ghost
  3311 | D:5      | Reached XP level 7. HP: 62/62 MP: 6/6
  3469 | D:5      | Reached **** piety under Trog
  3574 | D:5      | Reached skill level 5 in Dodging
  3725 | D:5      | Reached XP level 8. HP: 59/71 MP: 7/7
  3961 | D:5      | Found a staircase to the Ecumenical Temple.
  4117 | D:6      | Noticed Sigmund
  4123 | D:6      | Killed Sigmund
  4721 | D:6      | Noticed Pikel
  4729 | D:6      | Killed Pikel
  4729 | D:6      | Reached XP level 9. HP: 66/81 MP: 8/8
  5064 | D:6      | Noticed Menkaure
  5071 | D:6      | Killed Menkaure
  5348 | D:7      | Found a snail-covered altar of Cheibriados.
  5535 | D:7      | Noticed Joseph
  5542 | D:7      | Killed Joseph
  5601 | D:7      | Noticed Duvessa
  5601 | D:7      | Noticed Dowan
  5611 | D:7      | Killed Duvessa
  5613 | D:7      | Killed Dowan
  5764 | D:7      | Reached XP level 10. HP: 76/91 MP: 9/9
  6008 | D:8      | Reached ***** piety under Trog
  6309 | D:9      | Noticed a two-headed ogre
  6312 | D:9      | Noticed sadgrasan's ghost (journeyman FoFi)
  6315 | D:9      | Killed a two-headed ogre
  6315 | D:9      | Reached skill level 10 in Fighting
  6315 | D:9      | Reached skill level 10 in Axes
  6322 | D:9      | Killed sadgrasan's ghost
  6322 | D:9      | Reached skill level 10 in Armour
  6394 | D:9      | Noticed Psyche
  6397 | D:9      | Killed Psyche
  6556 | D:9      | Noticed a cyan ugly thing
  6562 | D:9      | Killed a cyan ugly thing
  6562 | D:9      | Reached XP level 11. HP: 101/101 MP: 10/10
  6582 | D:9      | Noticed Grum
  6865 | D:9      | Received a gift from Trog
  7248 | D:9      | Killed Grum
  7248 | D:9      | Reached skill level 10 in Dodging
  7470 | D:9      | Noticed a two-headed ogre
  7475 | D:9      | Killed a two-headed ogre
  7529 | D:10     | Entered Level 10 of the Dungeon
  7529 | D:10     | Found a radiant altar of Vehumet.
  7586 | D:10     | Paralysed by a hornet for 2 turns
  8210 | D:10     | Found a roughly hewn altar of Beogh.
  8310 | D:10     | Noticed a two-headed ogre
  8317 | D:10     | Killed a two-headed ogre
  8532 | D:10     | Noticed a three-headed hydra
  8536 | D:10     | Killed a five-headed hydra
  8536 | D:10     | Reached XP level 12. HP: 112/112 MP: 11/11
  8999 | D:11     | HP: 4/113 [skeletal warrior/glaive[a death knight] (15)]
  8999 | D:11     | HP: 1/113 [freezing wraith[a death knight] (3)]
  8999 | D:11     | Mangled by a freezing wraith

Vault maps used:
D:1:      grunt_arrival_lava_bath
D:2:      grunt_temple_overflow_diamond
D:3:      cheibrodos_greedy_goblins
D:4:      first_bread, gup_sewer_entry_spiral, lemuel_flame_loot_1
D:5:      kennysheep_slugbush, minmay_temple_entry_nine_rooms
D:6:      uniq_sigmund, uniq_pikel, uniq_menkaure
D:7:      kennysheep_flooded_box, uniq_joseph, uniq_duvessa
D:9:      minmay_diamond_stairs, uniq_psyche, uniq_grum
D:10:     basic_altar, hangedman_ranch
D:11:     erik_lair_island, serial_shops, shop, hangedman_decor_riveting
Sewer:    sewer_co_scattered_pipes

Skill      XL: |  1  2  3  4  5  6  7  8  9 10 11 |
---------------+----------------------------------+-----
Axes           | 4 5 6 8 9 10 12 | 12.3
Fighting       | 4 5 6 8 9 10 12 | 12.4
Armour         | 3 4 5 6 7 9 10 11 | 11.9
Dodging        | 3 4 5 7 8 9 11 | 11.4

Action                   |  1- 3 |  4- 6 |  7- 9 | 10-12 || total
-------------------------+-------+-------+-------+-------++-------
Melee: Hand axe          |    99 |   177 |   107 |       ||   383
       Headbutt          |    17 |    19 |    43 |    64 ||   143
       Battleaxe         |       |       |   123 |   305 ||   428
Invok: Berserk           |     2 |     3 |     5 |    13 ||    23
       Trog's Hand       |       |       |     1 |     1 ||     2
       Brothers in Arms  |       |       |       |     1 ||     1
  Use: Scroll            |       |     3 |       |       ||     3
       Potion            |       |       |     1 |     1 ||     2
  Eat: Chunk             |     2 |     7 |    15 |    26 ||    50
       Royal jelly       |       |     1 |       |       ||     1
Armor: Animal skin       |     3 |       |       |       ||     3
       Scale mail        |     5 |       |       |       ||     5
       Chain mail        |    27 |    78 |    55 |    51 ||   211
       Plate armour      |       |       |    67 |   158 ||   225
Dodge: Dodged            |    40 |    85 |   127 |   235 ||   487
